 Dungeon Crawl Stone Soup version 0.22-a0-542-gce4f928 (webtiles) character file.

30 kae the Insei (level 3, 0/26 HPs)
             Began as a Demonspawn Transmuter on June 24, 2018.
             Slain by an adder (3 damage)
             ... on level 1 of the Dungeon.
             The game lasted 00:01:05 (1670 turns).

kae the Insei (Demonspawn Transmuter)               Turns: 1670, Time: 00:01:06

Health: 0/26       AC:  2    Str: 10    XL:     3   Next: 3%
Magic:  3/6        EV: 17    Int: 14    God:
Gold:   10         SH:  0    Dex: 19    Spells: 3/6 levels left

rFire    . . .     SeeInvis .     - Unarmed
rCold    . . .     Gourm    .   (no shield)
rNeg     . . .     Faith    .   b - +0 robe
rPois    .         Spirit   .   (helmet restricted)
rElec    .         Reflect  .   (no cloak)
rCorr    .         Harm     .   (no gloves)
MR       .....                  (no boots)
Stlth    +++.......             (no amulet)
HPRegen  0.08/turn              (no ring)
MPRegen  0.10/turn              (no ring)

@: agile, lethally poisoned (0 -> -10)
A: horns 1, powered by pain 1
a: no special abilities


You were on level 1 of the Dungeon.
You were hungry.

You visited 1 branch of the dungeon, and saw 2 of its levels.

You collected 10 gold pieces.

Inventory:

Missiles
 a - 8 arrows
Armour
 b - a +0 robe (worn)
 h - a cursed +0 leather armour
Scrolls
 c - 2 scrolls of fog {unknown}
 f - a scroll of identify {unknown}
 g - a scroll of random uselessness {unknown}
 j - 2 scrolls of blinking {unknown}
Potions
 i - 2 potions of resistance {unknown}
 k - a potion of berserk rage {unknown}
 l - a potion of mutation {unknown}
Comestibles
 d - a ration


   Skills:
 + Level 1.4 Fighting
 - Level 1.7 Dodging
 * Level 3.1 Unarmed Combat
 + Level 2.2 Spellcasting
 * Level 2.3 Transmutations


You had 3 spell levels left.
You knew the following spells:

 Your Spells              Type           Power        Failure   Level  Hunger
a - Beastly Appendage     Tmut           #.....       9%          1    #......
b - Sticks to Snakes      Tmut           #.......     13%         2    ###....

Your spell library contained the following spells:

 Spells                   Type           Power        Failure   Level  Hunger
 Spider Form              Tmut/Pois      #.........   38%         3    ###....
 Blade Hands              Tmut           #.........   94%         5    ######.
 Ice Form                 Ice/Tmut       #.......     80%         4    #####..


Dungeon Overview and Level Annotations

Branches:
Dungeon (2/15)

Altars:
Nemelex Xobeh


Innate Abilities, Weirdness & Mutations

You have a pair of small horns on your head.
You sometimes gain a little power by taking damage.


Message History

* * * LOW HITPOINT WARNING * * *
You feel sick.
The kobold throws a stone.
The stone closely misses you.
Your ball python bites the kobold but does no damage.
Your ball python barely misses the kobold.
The adder bites you.
* * * LOW HITPOINT WARNING * * *
You are more poisoned.
The adder poisons you!
* * * LOW HITPOINT WARNING * * *
You feel sick.
The kobold throws a stone.
The stone hits you but does no damage.
Your ball python misses the kobold.
Your ball python barely misses the kobold.
It was a potion of agility.
You feel agile all of a sudden.
* * * LOW HITPOINT WARNING * * *
You feel sick. The adder barely misses you.
Your ball python misses the kobold.
Your ball python grabs the kobold.
Your ball python constricts the kobold.
The kobold struggles to escape constriction.
The adder bites you.
You die...

###############
#.............#
#.##################
######.##########........
#....K>S@...(............
######S##.#######........
##..##.####.##....)...
#...........##........
#####...##.####.##########
#.......................##
#.###)..#..####.###.....#
#.###...#..# #.# #.....#
#..........####.###.....#


You could see an adder, a kobold and a friendly ball python.

Vanquished Creatures
  A gnoll (D:1)
  2 bats (D:1)
  2 giant cockroaches (D:1)
  6 goblins (D:1)
  2 hobgoblins (D:1)
  2 frilled lizards (D:1)
  3 rats (D:1)
18 creatures vanquished.

Notes
Turn   | Place    | Note
-------+----------+-------------------------------------------
     0 | D:1      | kae the Demonspawn Transmuter began the quest for the Orb.
     0 | D:1      | Reached XP level 1. HP: 15/15 MP: 3/3
   359 | D:1      | Gained mutation: You have a pair of small horns on your head. [demonic ancestry]
   359 | D:1      | Reached XP level 2. HP: 12/21 MP: 5/5
   908 | D:1      | Reached skill level 3 in Unarmed Combat
  1054 | D:1      | Found a sparkling altar of Nemelex Xobeh.
  1380 | D:1      | Learned a level 2 spell: Sticks to Snakes
  1391 | D:1      | Gained mutation: You sometimes gain a little power by taking damage. [demonic ancestry]
  1391 | D:1      | Reached XP level 3. HP: 5/26 MP: 2/6
  1670 | D:1      | Slain by an adder

Vault maps used:
D:1:      minmay_arrival_nine_rooms, kennysheep_flooded_box
D:2:      gammafunk_temple_overflow_claw, zin_angel, first_ration

Skill      XL: |  1  2 |
---------------+-------+-----
Transmutations | 2 |  2.3
Unarmed Combat | 3 |  3.1
Fighting       | |  1.4
Dodging        | |  1.7
Spellcasting   | |  2.2

Action                   || total
-------------------------++-------
Melee: Unarmed           ||    65
       Headbutt          ||     8
       Kick              ||     3
 Cast: Beastly Appendage ||     8
       Sticks to Snakes  ||     4
  Use: Potion            ||     1
 Stab: Sleeping          ||     1
  Eat: Chunk             ||     2
Armor: Robe              ||    20
Dodge: Dodged            ||    58

Table legend:
 A = Spawn XP
 B = Non-spawn XP
 C = Spawn XP percentage of total XP
 D = Spawn monster count
 E = Non-spawn monster count
 F = Spawn count percentage of total count
 G = Total turns spent on level
                    A         B        C        D         E        F      G
               +---------+---------+-------+---------+---------+-------+---------
         Total |       0 |      43 |   0.0 |       0 |      18 |   0.0 |  1670
               +---------+---------+-------+---------+---------+-------+---------
           D:1 |       0 |      43 |   0.0 |       0 |      18 |   0.0 |  1663
               +---------+---------+-------+---------+---------+-------+---------
